 Dungeon Crawl Stone Soup version 0.25-b1-46-gb8a1ec05df (webtiles) character file.

Game seed: 7647754740364758864

67 grindst0ne the Chopper (level 4, -3/40 HPs)
             Began as a Naga Gladiator on June 9, 2020.
             Slain by Robin
             ... wielding a +0 club
              (4 damage)
             ... on level 2 of the Dungeon.
             The game lasted 00:01:59 (1760 turns).

grindst0ne the Chopper (Naga Gladiator)             Turns: 1760, Time: 00:02:00

Health: -3/40      AC:  3    Str: 16    XL:     4   Next: 16%
Magic:  4/4        EV: 10    Int: 10    God:
Gold:   51         SH:  0    Dex: 12    Spells: 3/3 levels left

rFire    . . .     SeeInvis +   a - +0 war axe
rCold    . . .     Gourm    .   (no shield)
rNeg     . . .     Faith    .   b - +0 leather armour
rPois    +         Spirit   .   c - +0 helmet
rElec    .         Reflect  .   (no cloak)
rCorr    .         Harm     .   (no gloves)
MR       .....     Clarity  +   (no barding)
Stlth    +.........             (no amulet)
HPRegen  0.13/turn              (no ring)
MPRegen  0.09/turn              (no ring)

@: short of breath, lightly drained, very slow
A: large, see invisible, blink, clarity, deformed body, poison resistance,
slowness 2, slow metabolism 1, spit poison 1, AC +1
a: Spit Poison, Blink


You were on level 2 of the Dungeon.
You were hungry.

You visited 1 branch of the dungeon, and saw 2 of its levels.

You collected 51 gold pieces.

Inventory:

Hand Weapons
 a - a +0 war axe (weapon)
Missiles
 d - a throwing net (quivered)
 h - 3 datura-tipped darts
Armour
 b - a +0 leather armour (worn)
 c - a +0 helmet (worn)
Scrolls
 e - a scroll of identify {unknown}
 k - a scroll of enchant armour {unknown}
 l - a scroll of random uselessness {unknown}
Comestibles
 f - 3 rations
 g - a chunk of flesh


   Skills:
 + Level 2.9(2.5) Fighting
 + Level 3.7(3.2) Axes
 - Level 1.7(1.3) Throwing
 + Level 3.1(2.6) Dodging


You had 3 spell levels left.
You didn't know any spells.
Your spell library was empty.

Dungeon Overview and Level Annotations

Branches:
Dungeon (2/15)

Altars:

Annotations:
D:2 Robin


Innate Abilities, Weirdness & Mutations

You cannot wear boots.
Your serpentine skin is tough. (AC +1)
You have supernaturally acute eyesight. (SInv)
Armour fits poorly on your strangely shaped body.
Your system is resistant to poisons. (rPois)
You cover ground very slowly.
You have a slow metabolism.
You can spit poison.
You can translocate small distances at will.
You possess an exceptional clarity of mind.


Message History

You throw a throwing net. The throwing net hits the ooze.
The ooze is caught in the net!
You have got your breath back.
The ooze struggles against the net. x2
Found a scroll labeled UXAHAL ITZAPN.
Press: ? - help, Shift-Dir - straight line, f - hobgoblin
Aim: a hobgoblin (strong)
You fail to use your ability.
The hobgoblin hits you.
* * * LOW HITPOINT WARNING * * *
You aren't carrying any potions.
Okay, then.
Press: ? - help, Shift-Dir - straight line, f/p - hobgoblin
Aim: a hobgoblin (strong)
The splash of poison hits the hobgoblin!
You kill the hobgoblin!
You feel slightly more hungry.
You hit Robin.
Robin is lightly wounded.
Robin hits you with a +0 club.
You die...

.################
.?.....@g?.......
..#######.######
#.# #. #g# ##
#.#### #g# ..
#....# #.# #.
###....####J######
#.
#<#....#.....(.....
#.
#.#.^..#.##.#..###.


You could see Robin.

Vanquished Creatures
  2 adders (D:2)
  2 dart slugs (D:1)
  A leopard gecko (D:1)
  3 giant cockroaches (D:1)
  11 goblins
  7 hobgoblins
  A ball python (D:1)
  3 bats
  2 frilled lizards (D:1)
  2 kobolds
  7 rats
41 creatures vanquished.

Notes
Turn   | Place    | Note
-------+----------+-------------------------------------------
     0 | D:1      | grindst0ne the Naga Gladiator began the quest for the Orb.
     0 | D:1      | Reached XP level 1. HP: 19/19 MP: 1/1
   255 | D:1      | Reached XP level 2. HP: 10/26 MP: 2/2
  1042 | D:1      | Reached XP level 3. HP: 33/33 MP: 3/3
  1719 | D:2      | Noticed Robin
  1729 | D:2      | Reached XP level 4. HP: 15/40 MP: 4/4
  1738 | D:2      | HP: 2/40 [goblin/+0 club[Robin] (3)]
  1745 | D:2      | Gained mutation: You possess an exceptional clarity of
                  | mind. [potion of mutation]
  1745 | D:2      | Gained mutation: You can translocate small distances at
                  | will. [potion of mutation]
  1757 | D:2      | HP: 1/40 [hobgoblin[Robin] (2)]
  1760 | D:2      | Slain by Robin

Illustrated notes

Levels and vault maps discovered:
D:1:      roderic_crop_circles_arrival_small, layout_basic, minmay_ruptured
D:2:      layout_basic, overflow_temple_1_default, first_ration,
          grunt_decor_fettered, uniq_sigmund, uniq_robin

Skill      XL: |  1  2  3 |
---------------+----------+-----
Dodging        | 3 |  3.1
Fighting       | |  2.9
Axes           | |  3.7
Throwing       | |  1.7

Action                   |  1- 3 |  4- 6 || total
-------------------------+-------+-------++-------
Melee: War axe           |    83 |    13 ||    96
Throw: Throwing net      |     1 |     1 ||     2
 Abil: Spit Poison       |     1 |     2 ||     3
       Blink             |       |     1 ||     1
  Use: Potion            |       |     2 ||     2
 Stab: Sleeping          |     1 |       ||     1
  Eat: Chunk             |     1 |       ||     1
Armor: Leather armour    |    41 |     5 ||    46
Dodge: Dodged            |    54 |    11 ||    65
